 Dungeon Crawl Stone Soup version 0.30-a0-830-gfe289a77b0 (webtiles) character file.

Game seed: 16542234725952115550

1694 freelancePsychic the Covert (level 9, 0/79 HPs)
             Began as a Ghoul Wanderer on Mar 1, 2023.
             Slain by an ogre
             ... wielding a +0 giant club
              (23 damage)
             ... on level 6 of the Dungeon.
             The game lasted 00:09:02 (5188 turns).

freelancePsychic the Covert (Ghoul Wanderer)        Turns: 5188, Time: 00:09:03

Health: 0/79       AC: 11    Str: 21    XL:     9   Next: 2%
Magic:  8/8        EV: 11    Int:  4    God:
Gold:   179        SH:  0    Dex: 16    Spells: 8/8 levels left

rFire   . . .      SeeInvis .    b - +0 hand axe (elec)
rCold   + . .      Faith    .    (no shield)
rNeg    + + +      Spirit   .    j - +0 ring mail
rPois   ∞          Reflect  .    h - +1 helmet
rElec   .          Harm     .    (no cloak)
rCorr   .          Rampage  .    (no gloves)
Will    .....                    (no boots)
Stlth   +++                      (no amulet)
HPRegen 0.00/turn                g - +6 ring of dexterity
MPRegen 0.11/turn                u - +4 ring of protection

@: inhibited regen
A: claws 1, cold resistance 1, negative energy resistance 3, inhibited
regeneration, torment resistance 2, devour on kill
a: no special abilities


You were on level 6 of the Dungeon.
You visited 1 branch of the dungeon, and saw 8 of its levels.

You collected 367 gold pieces.
You spent 188 gold pieces at shops.

Inventory:

Hand Weapons
 a - a +2 heavy war axe
 b - a +0 hand axe of electrocution (weapon)
 z - a +3 hand axe
Missiles
 i - 5 poisoned darts
Armour
 h - a +1 helmet (worn)
 j - a +0 ring mail (worn)
Jewellery
 g - a +6 ring of dexterity (left claw)
 r - a +6 ring of dexterity
 u - a +4 ring of protection (right claw)
 B - a ring of resist corrosion
Wands
 d - a wand of charming (14)
 x - a wand of roots (3)
 C - a wand of polymorph (11)
Scrolls
 m - 3 scrolls of fog
 o - a scroll of blinking
 t - 4 scrolls of teleportation {@r4}
 v - 2 scrolls of enchant weapon
 w - a scroll of enchant armour
 y - a scroll of fear
 A - a scroll of identify {@r1}
Potions
 c - 3 potions of curing {@q1}
 e - a potion of ambrosia {unknown}
 f - a potion of haste {@q3}
 k - a potion of resistance {unknown}
 l - 4 potions of heal wounds {unknown}
 n - a potion of mutation {unknown}
 p - 3 potions of flight {unknown}
 s - 2 potions of lignification {unknown}
Miscellaneous
 q - a piece from Xom's chessboard (15/15) (quivered)


   Skills:
 + Level 7.0 Fighting
 * Level 7.0 Axes
 - Level 1.7 Dodging
 * Level 8.4 Stealth
 - Level 1.0 Evocations


You had 8 spell levels left.
You didn't know any spells.
Your spell library was empty.

Dungeon Overview and Level Annotations

Branches:
Dungeon (8/15)
 Temple: D:4-7         Lair: D:8-11

Altars:

Shops:
D:2 (

Annotations:
D:5 Sigmund
D:8 exclusion: orc warrior


Innate Abilities, Weirdness & Mutations

You are immune to poison.
You have sharp fingernails.
Your flesh is cold resistant. (rC+)
You are immune to negative energy. (rN+++)
You do not regenerate when monsters are visible.
You are immune to unholy pain and torment.
You thrive by killing the living.


Message History

You are too injured to fight recklessly!
You are too injured to fight recklessly!
You are too injured to fight recklessly!
You are too injured to fight recklessly!
You are too injured to fight recklessly!
You are too injured to fight recklessly!
You are too injured to fight recklessly!
You hit the ogre but do no damage.
The ogre is moderately wounded.
You barely miss the ogre.
The ogre is moderately wounded.
The ogre closely misses you.
You slash the ogre!
The ogre is heavily wounded.
The ogre closely misses you.
You barely miss the ogre.
The ogre is heavily wounded.
You hit the ogre.
The ogre is severely wounded.
The ogre closely misses you.
You barely miss the ogre.
The ogre is severely wounded.
You closely miss the ogre.
The ogre is severely wounded.
The ogre hits you with a +0 giant club.
You closely miss the ogre. You claw the ogre, but do no damage.
The ogre is severely wounded.
The ogre hits you with a +0 giant club!!
* * * LOW HITPOINT WARNING * * *
Aiming: Fastroot
Press: ? - help, Shift-Dir - straight line, f - ogre
Aim: an ogre, wielding a +0 giant club (severely wounded)
The roots erupt in riotous growth!
Roots grab the ogre.
The grasping roots constrict the ogre.
The grasping roots constrict the ogre.
The roots release their grip on the ogre.
The ogre attacks as you move away!
The ogre hits you with a +0 giant club!!
You die...

#. .# .# . ##$ ##
#..### #. #...# .#
#. #O# #.# #@# #.#
#.# #.# ##.## #.# .
#...#####.# #.
#..#.......# #.
#....####..########.
#.#.###.............
#.#.###.......#####.
#.#........#.#.###..


You could see an ogre.

Vanquished Creatures
  A wraith (D:7)
  A black bear (D:6)
  2 centaurs (D:7)
  A kobold brigand (D:7)
  4 bullfrogs
  2 scorpions
  3 killer bees (D:7)
  A jelly (D:5)
  5 hounds
  2 orc priests (D:5)
  Jessica (D:2)
  4 iguanas
  4 orc wizards
  Robin (D:3)
  6 gnolls
  7 adders
  An ufetubus (D:4)
  A worm (D:4)
  A dart slug (D:3)
  14 orcs
  8 ball pythons
  6 bats
  3 endoplasms
  3 giant cockroaches
  12 goblins
  7 hobgoblins
  A quokka (D:1)
  2 frilled lizards
  8 kobolds
  3 rats
115 creatures vanquished.

Vanquished Creatures (collateral kills)
  3 killer bees (D:7)
3 creatures vanquished.

Vanquished Creatures (others)
  8 plants (D:4)
8 creatures vanquished.

Grand Total: 126 creatures vanquished

Notes
Turn   | Place    | Note
-------+----------+-------------------------------------------
     0 | D:1      | freelancePsychic the Ghoul Wanderer began the quest for the
                  | Orb.
     0 | D:1      | freelancePsychic set off with the following items: a +3
                  | hand axe, a piece from Xom's chessboard (15/15), a potion
                  | of curing {@q1}, a +0 leather armour.
     0 | D:1      | Reached XP level 1. HP: 22/22 MP: 0/0
    82 | D:1      | Reached skill level 1 in Stealth
   117 | D:1      | Reached XP level 2. HP: 28/28 MP: 1/1
   816 | D:2      | Reached skill level 2 in Stealth
   816 | D:2      | Reached XP level 3. HP: 31/34 MP: 2/2
   911 | D:2      | Found Mahaig's Antique Weapon Shop.
  1102 | D:2      | Noticed Jessica
  1112 | D:2      | Killed Jessica
  1113 | D:2      | Reached XP level 4. HP: 26/41 MP: 3/3
  1266 | D:3      | Reached skill level 3 in Stealth
  1277 | D:3      | Reached XP level 5. HP: 42/47 MP: 4/4
  1328 | D:3      | Reached skill level 5 in Fighting
  1361 | D:3      | Noticed Robin
  2342 | D:3      | Killed Robin
  2349 | D:3      | Reached skill level 4 in Stealth
  2713 | D:4      | Reached XP level 6. HP: 39/56 MP: 5/5
  3092 | D:2      | Bought a runed war axe for 188 gold pieces
  3134 | D:5      | Entered Level 5 of the Dungeon
  3135 | D:5      | Noticed Sigmund
  3165 | D:5      | You fall into a shaft and drop 3 floors!
  3314 | D:8      | Noticed an orc warrior
  3353 | D:8      | Noticed a yak
  3422 | D:8      | Reached skill level 5 in Stealth
  3467 | D:7      | Reached XP level 7. HP: 61/61 MP: 6/6
  3473 | D:7      | Reached skill level 5 in Axes
  3527 | D:7      | Reached skill level 6 in Stealth
  3944 | D:7      | Reached XP level 8. HP: 70/70 MP: 7/7
  3947 | D:7      | Noticed a wraith
  3980 | D:7      | Killed a wraith
  3981 | D:7      | Reached skill level 7 in Stealth
  4780 | D:5      | Reached skill level 8 in Stealth
  5141 | D:6      | Reached XP level 9. HP: 72/79 MP: 8/8
  5188 | D:6      | Slain by an ogre

Illustrated notes

Levels and vault maps discovered:
D:1:      co_arrival_square_in_a_square_in_a_square, layout_basic
D:2:      layout_basic, serial_shops, nicolae_shop_competitors_out_of_business,
          uniq_jessica
D:3:      layout_loops_ring, elyvilon_altar_5, uniq_robin
D:4:      wad_lake_hut, layout_loops_ring, hangedman_abyss_or_decor_passed
D:5:      layout_basic, uniq_sigmund
D:6:      layout_loops_ring, mainiacjoe_overflow_alcove_2,
          grunt_temple_overflow_open, corner_web_ring, minmay_statues_item
D:7:      layout_basic, lemuel_tele_altar, minmay_temple_entry_overgrown,
          minmay_holes, grunt_ministairs_9
D:8:      layout_loops_ring, nicolae_overflow_two_pavilions, trog_hazing_becter,
          special_room [special_room_orc], minmay_quadrilaterals,
          uniq_prince_ribbit1, uniq_joseph, uniq_psyche

Skill      XL: |  1  2  3  4  5  6  7  8 |
---------------+-------------------------+-----
Stealth        | 1 2 3 4 5 6 8 |  8.4
Axes           | 3 4 5 7 |  7.0
Fighting       | 5 6 7 |  7.0
Dodging        | |  1.7
Evocations     | |  1.0

Action                     |  1- 3 |  4- 6 |  7- 9 || total
---------------------------+-------+-------+-------++-------
  Melee: Hand axe          |    93 |   141 |   155 ||   389
         Punch             |       |     3 |     2 ||     5
  Evoke: Piece from Xom's  |       |     7 |       ||     7
         Wand              |       |       |     3 ||     3
    Use: Scroll            |       |     7 |       ||     7
         Potion            |       |     2 |       ||     2
   Stab: Sleeping          |     1 |     6 |    15 ||    22
         Petrified         |       |     2 |       ||     2
         Distracted        |       |       |     1 ||     1
         Betrayed ally     |       |       |     1 ||     1
 Armour: Leather armour    |    33 |    45 |       ||    78
         Ring mail         |       |    10 |    89 ||    99
  Dodge: Dodged            |    58 |    64 |   102 ||   224

Table legend: (Time is in decaauts)
 A = Elapsed time spent in this place.
 B = Non-inter-level travel time spent in this place.
 C = Inter-level travel time spent in this place.
 D = Time resting spent in this place.
 E = Time spent auto-exploring this place.
 F = Levels seen in this place.
 G = Mean time per level.
                   A        B        C        D        E       F      G
               +--------+--------+--------+--------+--------+-----+--------+
         Total |   5238 |   4968 |    270 |    193 |   3669 |   8 |  654.8 |
       Dungeon |   5238 |   4968 |    270 |    193 |   3669 |   8 |  654.8 |
               +--------+--------+--------+--------+--------+-----+--------+

Top non-repeatable levels by time:
     D:4: 1301 daAuts
     D:5: 940 daAuts
     D:1: 735 daAuts
     D:3: 620 daAuts
     D:7: 597 daAuts
     D:2: 521 daAuts
     D:8: 290 daAuts
     D:6: 231 daAuts
